 Dungeon Crawl Stone Soup version 0.21-a0-426-g98080a9 (webtiles) character file.

13315 varam the Basher (level 12, -6/73 HPs)
             Began as a Gargoyle Monk on Nov 7, 2017.
             Was a High Priest of Okawaru.
             Mangled by a spiny frog (9 damage)
             ... on level 3 of the Lair of Beasts.
             The game lasted 01:09:02 (17147 turns).

varam the Basher (Gargoyle Monk)                   Turns: 17147, Time: 01:09:03

Health: -6/73      AC: 22    Str: 16    XL:     12   Next: 4%
Magic:  7/16       EV: 18    Int: 16    God:    Okawaru [*****.]
Gold:   774        SH:  0    Dex: 15    Spells: 10/16 levels left

rFire    . . .     SeeInvis .   y - +1 whip (holy)
rCold    . . .     Gourm    .   (no shield)
rNeg     + . .     Faith    .   E - +2 robe
rPois    ∞         Spirit   .   (no helmet)
rElec    +         Reflect  .   R - +1 cloak
rCorr    .         Harm     +   m - +0 pair of gloves
MR       .....                  a - +2 pair of boots of Trog's Approval {rPois Int+4}
Stlth    ++........             N - amulet of harm
HPRegen  0.22/turn              D - +2 ring of slaying
MPRegen  0.15/turn              W - +3 ring of protection

@: no status effects
A: negative energy resistance 1, electricity resistance, unbreathing,
petrification resistance, rot immunity, AC +8
a: Heroism, Finesse, Renounce Religion


You were on level 3 of the Lair of Beasts.
You worshipped Okawaru.
Okawaru was extremely pleased with you.
You were not hungry.

You visited 3 branches of the dungeon, and saw 15 of its levels.

You collected 774 gold pieces.

Inventory:

Hand Weapons
 y - a +1 whip of holy wrath (weapon)
 M - a +2 whip of flaming
 Q - a +0 morningstar
Missiles
 r - 362 stones (quivered)
 A - 4 tomahawks
 T - 4 exploding tomahawks
Armour
 a - the +2 pair of boots of Trog's Approval (worn) {rPois Int+4}
   (You found it on level 2 of the Lair of Beasts)

   It affects your intelligence (+4).
   It protects you from poison.
 l - the +0 robe "Kiah" {rElec rPois MR+ Str-4}
   (Okawaru gifted it to you on level 1 of the Lair of Beasts)

   It affects your strength (-4).
   It insulates you from electricity.
   It protects you from poison.
   It affects your resistance to hostile enchantments.
 m - a +0 pair of gloves (worn)
 E - a +2 robe (worn)
 G - a +0 pair of boots
 R - a +1 cloak (worn)
Jewellery
 n - an uncursed ring of wizardry
 s - an uncursed ring of ice
 v - an uncursed ring of wizardry
 z - an uncursed amulet of rage
 D - a +2 ring of slaying (left hand)
 N - an amulet of harm (around neck)
 W - a +3 ring of protection (right hand)
Scrolls
 e - 4 scrolls of recharging
 f - 3 scrolls of enchant armour
 g - 2 scrolls of magic mapping {unknown}
 k - 2 scrolls of enchant weapon {unknown}
 q - 3 scrolls of fog
 t - 6 scrolls of immolation
 u - 7 scrolls of teleportation
 w - 2 scrolls of random uselessness {unknown}
 x - 3 scrolls of noise
 H - 3 scrolls of remove curse
 K - a scroll of blinking {unknown}
 S - a scroll of vulnerability {unknown}
 X - a scroll of summoning {unknown}
 Y - a scroll of amnesia {unknown}
Potions
 d - 2 potions of might {unknown}
 i - 5 potions of curing
 j - a potion of brilliance {unknown}
 o - a potion of haste {unknown}
 p - 4 potions of lignification
 B - a potion of mutation {unknown}
 J - 2 potions of flight {unknown}
 P - a potion of resistance {unknown}
Books
 F - the Volume of the Invisible Stories
   (You found it on level 2 of the Lair of Beasts)

   Spells                             Type                      Level
   a - Flame Tongue                   Conjuration/Fire             1
   b - Apportation                    Translocation                1
   c - Bolt of Magma                  Conjuration/Fire/Earth       5
   d - Fireball                       Conjuration/Fire             5
 O - a book of Maledictions

   Spells                             Type                      Level
   a - Corona                         Hexes                        1
   b - Ensorcelled Hibernation        Hexes/Ice                    2
   c - Confuse                        Hexes                        3
   d - Tukima's Dance                 Hexes                        3
   e - Dazzling Spray                 Conjuration/Hexes            3
 U - a book of Conjurations

   Spells                             Type                      Level
   a - Magic Dart                     Conjuration                  1
   b - Searing Ray                    Conjuration                  2
   c - Dazzling Spray                 Conjuration/Hexes            3
   d - Fulminant Prism                Conjuration/Hexes            4
   e - Force Lance                    Conjuration/Translocation    4
   f - Iskenderun's Mystic Blast      Conjuration                  4
Miscellaneous
 b - a sack of spiders
Comestibles
 c - 5 bread rations
 h - 7 royal jellies
 C - a chunk of flesh
 I - 3 meat rations
 L - 5 fruits


   Skills:
 - Level 8.0 Fighting
 - Level 12.0 Maces & Flails
 - Level 3.4 Armour
 + Level 9.1 Dodging
 - Level 2.1 Stealth
 + Level 2.9 Spellcasting
 + Level 5.8 Conjurations
 + Level 3.8 Hexes


You had 10 spell levels left.
You knew the following spells:

 Your Spells              Type           Power        Failure   Level  Hunger
a - Dazzling Spray        Conj/Hex       ###...       8%          3    ###....
b - Confuse               Hex            ##......     12%         3    ###....


Dungeon Overview and Level Annotations

Branches:
Dungeon (11/15)            Temple (1/1) D:6            Lair (3/6) D:9
  Swamp: Lair:2-4    Shoals: Lair:2-4     Snake: Lair:2-4    Spider: Lair:2-4
    Orc: D:9-12

Altars:
Ashenzari
Cheibriados
Dithmenos
Elyvilon
Fedhas
Gozag
Hepliaklqana
Kikubaaqudgha
Makhleb
Nemelex Xobeh
Okawaru
Qazlal
Ru
Sif Muna
Trog
Uskayaw
Vehumet
Wu Jian
Xom
Yredelemnul
Zin
The Shining One

Shops:
D:4 *   D:6 *

Annotations:
Lair:2 Gastronok


Innate Abilities, Weirdness & Mutations

You are resistant to torment.
Your stone body is resilient. (AC +8)
You are immune to poison.
You resist negative energy. (rN+)
You are resistant to electric shocks. (rElec)
You can survive without breathing.
You are immune to petrification.
You are immune to rotting.


Message History

Found an escape hatch in the floor.
There is a stone staircase leading up here.
You hit the spiny frog.
The spiny frog is heavily wounded.
The spiny frog stings you but does no damage.
You hit the spiny frog.
The spiny frog is heavily wounded.
The spiny frog closely misses you.
You hit the spiny frog.
The spiny frog is severely wounded.
You hit the spiny frog but do no damage.
The spiny frog is severely wounded.
The spiny frog stings you!
* * * LOW HITPOINT WARNING * * *
You hit the spiny frog.
The spiny frog is severely wounded.
You hit the spiny frog.
The spiny frog is almost dead.
The spiny frog stings you!
You die...

### .# ## .#.# ##
.###########P##..##
..###..#!.#...#......>.#
........................
........................
............ #..F......#
...........# #..@......#
....<......# ##.......##
...........# #..........
........................
.............#.###..##.#
...........#.## ### #
............
...........#
.......##.##


You could see a spiny frog.

Vanquished Creatures
  A hydra (Lair:2)
  2 two-headed ogres (D:8)
  A skeletal warrior (D:9)
  Pikel (D:7)
  A centaur zombie (D:10)
  A black mamba (Lair:1)
  A spiny frog (Lair:2)
  4 komodo dragons
  3 hippogriffs
  12 yaks
  Eustachio (D:4)
  3 wyverns
  2 hungry ghosts (D:9)
  Menkaure (D:5)
  Duvessa (D:6)
  3 porcupines
  2 water moccasins
  An ice beast (D:7)
  2 orc warriors
  A hornet zombie (D:8)
  A slave (D:7)
  A necrophage (D:9)
  4 phantoms
  A sky beast (D:7)
  3 ogres
  4 crocodiles
  5 centaurs
  A big kobold (D:7)
  12 bullfrogs
  Blork the orc (D:6)
  5 scorpions
  Dowan (D:6)
  10 killer bees
  5 wights (D:6)
  A howler monkey (D:4)
  2 electric eels (Lair:2)
  4 crimson imps
  A bullfrog zombie (D:9)
  2 orc priests
  2 bullfrog skeletons
  2 hounds
  3 jellies
  A gnoll shaman (D:8)
  An iguana (D:8)
  4 worker ants
  3 gnolls (D:8)
  5 worker ant zombies (D:8)
  12 adders
  3 shadow imps
  2 oozes (D:1)
  2 adder zombies
  An adder skeleton (D:6)
  4 worms
  A dart slug (D:1)
  4 leopard geckos
  20 orcs
  5 giant cockroaches
  13 goblins
  9 hobgoblins
  30 jackals
  4 quokkas
  10 bats
  5 frilled lizards
  A jackal skeleton (D:9)
  8 kobolds
  A leopard gecko zombie (D:5)
  A quokka zombie (D:9)
  10 rats
275 creatures vanquished.

Vanquished Creatures (others)
  2 slaves (D:7)
  A scorpion (D:7)
  An orc priest (D:7)
  An adder skeleton (D:7)
  An orc (D:7)
  2 fungi (D:9)
8 creatures vanquished.

Grand Total: 283 creatures vanquished

Notes
Turn   | Place    | Note
-------+----------+-------------------------------------------
     0 | D:1      | varam the Gargoyle Monk began the quest for the Orb.
     0 | D:1      | Reached XP level 1. HP: 14/14 MP: 1/1
    67 | D:1      | Reached XP level 2. HP: 18/19 MP: 2/2
   673 | D:1      | Reached XP level 3. HP: 21/23 MP: 3/3
   977 | D:2      | Reached skill level 4 in Maces & Flails
  1096 | D:3      | Reached XP level 4. HP: 19/28 MP: 4/4
  1467 | D:2      | Reached skill level 3 in Dodging
  1839 | D:2      | Reached XP level 5. HP: 32/32 MP: 5/5
  2404 | D:3      | Reached skill level 5 in Maces & Flails
  3374 | D:4      | Reached XP level 6. HP: 12/37 MP: 6/6
  3736 | D:5      | Entered Level 5 of the Dungeon
  3755 | D:4      | Noticed a phantom
  3871 | D:4      | Killed a phantom
  3871 | D:4      | Reached skill level 6 in Maces & Flails
  4259 | D:4      | Noticed a two-headed ogre
  4942 | D:5      | Reached skill level 4 in Dodging
  4942 | D:5      | Reached XP level 7. HP: 16/41 MP: 7/7
  5203 | D:5      | Noticed Eustachio
  5407 | D:4      | Found Bupp's General Store.
  5644 | D:4      | Killed Eustachio
  5644 | D:4      | Reached skill level 5 in Dodging
  6007 | D:5      | Noticed Menkaure
  6224 | D:5      | Found a shattered altar of Ashenzari.
  6454 | D:5      | Killed Menkaure
  6454 | D:5      | Reached skill level 7 in Maces & Flails
  6454 | D:5      | Reached XP level 8. HP: 32/46 MP: 8/8
  7009 | D:6      | Reached skill level 6 in Dodging
  7026 | D:6      | Noticed a hippogriff
  7081 | D:6      | Reached skill level 1 in Armour
  7146 | D:6      | Noticed Dowan
  7150 | D:6      | Noticed Duvessa
  7161 | D:6      | Killed Dowan
  7173 | D:6      | HP: 2/46 [Duvessa/rapier of venom (17)]
  7192 | D:6      | Killed Duvessa
  7359 | D:6      | Found Otaesm's Assorted Antiques.
  7431 | D:6      | Noticed Blork the orc
  7456 | D:6      | Killed Blork the orc
  7456 | D:6      | Reached skill level 2 in Armour
  7500 | D:6      | Reached skill level 4 in Fighting
  7645 | D:6      | Killed a hippogriff
  7645 | D:6      | Reached skill level 8 in Maces & Flails
  7645 | D:6      | Reached skill level 3 in Armour
  7854 | D:6      | Reached XP level 9. HP: 49/52 MP: 9/9
  8225 | D:6      | Found a staircase to the Ecumenical Temple.
  8234 | Temple   | Entered the Ecumenical Temple
  8375 | Temple   | Became a worshipper of Warmaster Okawaru
  8375 | Temple   | Reached * piety under Okawaru
  8375 | Temple   | Reached ** piety under Okawaru
  8847 | D:7      | Reached skill level 5 in Fighting
  8847 | D:7      | Reached skill level 9 in Maces & Flails
  9152 | D:7      | Noticed Pikel
  9189 | D:7      | Killed Pikel
  9730 | D:7      | Found a sacrificial altar of Ru.
  9843 | D:7      | Found a hide-covered altar of Uskayaw.
  9894 | D:7      | Reached skill level 6 in Fighting
  9972 | D:7      | Reached *** piety under Okawaru
 10155 | D:8      | Reached skill level 10 in Maces & Flails
 10844 | D:9      | Reached XP level 10. HP: 28/61 MP: 10/10
 10850 | D:9      | HP: 4/61 [killer bee (5)]
 11273 | D:8      | Reached skill level 7 in Dodging
 11376 | D:8      | Noticed a two-headed ogre
 11455 | D:10     | Entered Level 10 of the Dungeon
 11521 | D:8      | Noticed a two-headed ogre
 11571 | D:8      | Killed a two-headed ogre
 11571 | D:8      | Reached skill level 7 in Fighting
 12188 | D:8      | Killed a two-headed ogre
 12188 | D:8      | Reached skill level 11 in Maces & Flails
 12935 | D:9      | Reached **** piety under Okawaru
 13035 | D:9      | Reached skill level 8 in Fighting
 13089 | D:9      | Reached XP level 11. HP: 55/68 MP: 11/11
 13094 | D:9      | Learned a level 3 spell: Dazzling Spray
 13134 | D:9      | Reached skill level 1 in Conjurations
 13149 | D:9      | Reached skill level 8 in Dodging
 13160 | D:9      | Reached skill level 12 in Maces & Flails
 13196 | D:9      | Reached skill level 2 in Conjurations
 13425 | D:9      | Reached skill level 3 in Conjurations
 13631 | D:9      | Noticed a skeletal warrior
 13664 | D:9      | Killed a skeletal warrior
 13664 | D:9      | Reached skill level 1 in Hexes
 13674 | D:9      | Noticed a death knight
 13744 | D:10     | Noticed a five-headed hydra
 13754 | D:10     | Reached ***** piety under Okawaru
 13787 | D:9      | Reached skill level 4 in Conjurations
 13870 | D:9      | Found a staircase to the Lair.
 14023 | Lair:1   | Entered Level 1 of the Lair of Beasts
 14150 | Lair:1   | Reached skill level 2 in Hexes
 14216 | Lair:1   | Learned a level 3 spell: Confuse
 14587 | Lair:1   | Found a glowing golden altar of the Shining One.
 14643 | Lair:1   | Reached skill level 1 in Spellcasting
 14885 | Lair:1   | Reached skill level 5 in Conjurations
 15187 | Lair:1   | Received a gift from Okawaru
 15187 | Lair:1   | Reached skill level 3 in Hexes
 15188 | Lair:1   | Got a smoking robe {god gift}
 15199 | Lair:1   | Identified the +0 robe "Kiah" {rElec rPois MR+ Str-4} (Okawaru gifted it to you on level 1 of the Lair of Beasts)
 15408 | Lair:2   | Reached skill level 2 in Spellcasting
 15443 | Lair:2   | Got a pair of pitted boots
 15454 | Lair:2   | Identified the +2 pair of boots of Trog's Approval {rPois Int+4} (You found it on level 2 of the Lair of Beasts)
 15482 | Lair:2   | Noticed Gastronok
 15568 | Lair:2   | Noticed a seven-headed hydra
 15621 | Lair:2   | Killed a seven-headed hydra
 15621 | Lair:2   | Reached skill level 9 in Dodging
 15933 | Lair:2   | Identified the Volume of the Invisible Stories
 16355 | Lair:2   | Reached XP level 12. HP: 61/73 MP: 16/16
 17145 | Lair:3   | HP: 3/73 [spiny frog (8)]
 17147 | Lair:3   | Mangled by a spiny frog

Vault maps used:
D:1:      roderic_dead_forest, serial_forest, infiniplex_forest_end_1,
          infiniplex_forest_corner_1, infiniplex_forest_lined_ring,
          infiniplex_forest_straight_5, infiniplex_forest_zigzag_2,
          infiniplex_forest_clump_medium, infiniplex_forest_clump_small,
          lemuel_old_faithful
D:3:      minmay_bisected
D:4:      serial_shops, shop_statue
D:5:      kennysheep_mini_moat, first_bread, interstate_on_off, uniq_eustachio,
          uniq_menkaure
D:6:      minmay_temple_entry_poolview, serial_shops, shop, uniq_duvessa,
          uniq_blork_the_orc
D:7:      lemuel_doored_altar, nicolae_ru_sacrificial_ziggurat, uniq_pikel
D:9:      grunt_lair_entry_orc_guard_hut, minmay_misc_feat_columns
D:10:     erik_orc_1, hangedman_stone_soup, kb_lookout_dungeons_type,
          minivault_28, uniq_snorg
D:11:     cheibrodos_lost_city_excavation
Temple:   regret_index_temple_chain_breaker
Lair:1:   basic_altar
Lair:2:   st_stairs_4, serial_bayou_lagoon_b, grunt_megastairs_2,
          serial_bayou_shore_b, uniq_gastronok
Lair:3:   nicolae_swamp_entry_splash_gauntlet, uniq_urug

Skill      XL: |  1  2  3  4  5  6  7  8  9 10 11 |
---------------+----------------------------------+-----
Maces & Flails | 4 5 6 7 8 10 11 12 | 12.0
Dodging        | 3 4 5 6 7 9 |  9.1
Armour         | 3 |  3.4
Fighting       | 4 6 8 |  8.0
Conjurations   | 5 |  5.8
Hexes          | 3 |  3.8
Spellcasting   | 2 |  2.9
Stealth        | |  2.1

Action                   |  1- 3 |  4- 6 |  7- 9 | 10-12 || total
-------------------------+-------+-------+-------+-------++-------
Melee: Mace              |    77 |   204 |       |       ||   281
       Whip              |       |   135 |   466 |   811 ||  1412
       Punch             |       |       |     1 |     6 ||     7
       Morningstar       |       |       |       |    12 ||    12
Throw: Stone             |       |     1 |    11 |    33 ||    45
 Cast: Dazzling Spray    |       |       |       |     9 ||     9
Invok: Heroism           |       |       |     1 |    17 ||    18
  Use: Scroll            |       |       |     8 |     5 ||    13
       Potion            |       |       |     2 |     2 ||     4
 Stab: Sleeping          |     2 |     9 |     5 |     2 ||    18
       Distracted        |       |       |     1 |     1 ||     2
       Invisible         |       |       |       |     2 ||     2
  Eat: Chunk             |     1 |     7 |     3 |    21 ||    32
       Meat ration       |       |     1 |     1 |       ||     2
       Bread ration      |       |       |     3 |       ||     3
Armor: Robe              |    30 |   111 |   160 |   136 ||   437
Dodge: Dodged            |    74 |   245 |   343 |   430 ||  1092

Table legend:
 A = Spawn XP
 B = Non-spawn XP
 C = Spawn XP percentage of total XP
 D = Spawn monster count
 E = Non-spawn monster count
 F = Spawn count percentage of total count
 G = Total turns spent on level
                    A         B        C        D         E        F      G
               +---------+---------+-------+---------+---------+-------+---------
         Total |       0 |   19022 |   0.0 |       0 |     274 |   0.0 | 17147
               +---------+---------+-------+---------+---------+-------+---------
           D:1 |       0 |      42 |   0.0 |       0 |      18 |   0.0 |   962
           D:2 |       0 |      98 |   0.0 |       0 |      39 |   0.0 |  1046
           D:3 |       0 |     147 |   0.0 |       0 |      42 |   0.0 |  1759
           D:4 |       0 |     497 |   0.0 |       0 |       9 |   0.0 |  2209
           D:5 |       0 |     560 |   0.0 |       0 |      13 |   0.0 |  1431
           D:6 |       0 |    1384 |   0.0 |       0 |      29 |   0.0 |  1801
           D:7 |       0 |    1656 |   0.0 |       0 |      13 |   0.0 |  1403
           D:8 |       0 |    3131 |   0.0 |       0 |      34 |   0.0 |  1213
           D:9 |       0 |    5519 |   0.0 |       0 |      48 |   0.0 |  2105
          D:10 |       0 |     428 |   0.0 |       0 |       1 |   0.0 |    62
        Lair:1 |       0 |    3161 |   0.0 |       0 |      17 |   0.0 |  2067
        Lair:2 |       0 |    2399 |   0.0 |       0 |      11 |   0.0 |   906
               +---------+---------+-------+---------+---------+-------+---------
